 Dungeon Crawl Stone Soup version 0.31-a0-232-gb1c03b2570 (webtiles) character file.

Game seed: 4325211304469923383

109 qw the Shooter (level 4, -14/26 HPs)
             Began as a Gargoyle Hexslinger on July 7, 2023.
             Demolished by an ogre
             ... wielding a +0 giant club
              (20 damage)
             ... on level 4 of the Dungeon.
             The game lasted 00:00:44 (2068 turns).

qw the Shooter (Gargoyle Hexslinger)                Turns: 2068, Time: 00:00:45

Health: -14/26     AC:  6    Str: 11    XL:     4   Next: 90%
Magic:  5/5        EV: 11    Int: 14    God:
Gold:   108        SH:  5    Dex: 14    Spells: 4/5 levels left

rFire   . . .        Y - +3 sling
rCold   . . .        (no shield)
rNeg    + . .        h - +0 leather armour
rPois   inf          (no helmet)
rElec   +            (no cloak)
rCorr   .            (no gloves)
SInv    .            (no boots)
Will    .....        g - amulet of reflection
Stlth   +            (no ring)
HPRegen 0.24/turn    (no ring)
MPRegen 0.09/turn

%: reflection
@: no status effects
A: sickness immunity, AC +3, negative energy resistance 1, electricity
resistance, torment resistance 1, petrification resistance
a: no special abilities


You were on level 4 of the Dungeon.
You visited 1 branch of the dungeon, and saw 4 of its levels.

You collected 108 gold pieces.


Innate Abilities, Weirdness & Mutations

You are immune to sickness and miasma.
Your stone body is resilient. (AC +3)
You are immune to poison.
You resist negative energy. (rN+)
You are resistant to electric shocks. (rElec)
You are resistant to unholy torment.
You are immune to petrification.


   Skills:
 - Level 2.0 Fighting
 + Level 4.6 Ranged Weapons
 - Level 1.5 Dodging
 - Level 1.0 Spellcasting
 - Level 2.6 Hexes


You had 4 spell levels left.
You knew the following spells:

 Your Spells              Type           Power      Damage    Failure   Level
a - Slow                  Hex            32%        N/A       12%         1

Your spell library contained the following spells:

 Spells                   Type           Power      Damage    Failure   Level
 Inner Flame              Hex/Fire       4%         N/A       52%         3
 Portal Projectile        Hex/Tloc       8%         N/A       52%         3
 Cause Fear               Hex            4%         N/A       75%         4

Inventory:

Hand Weapons
 Y - a +3 sling (weapon)
Armour
 h - a +0 leather armour (worn)
Jewellery
 g - an amulet of reflection (around neck)
Scrolls
 a - a scroll of identify
 f - a scroll of teleportation
Potions
 b - a potion of curing
 d - a potion of degeneration {unknown}
 e - a potion of might {unknown}

Dungeon Overview and Level Annotations

Branches:
Dungeon (4/15)
 Temple: D:4-7

Altars:
Cheibriados
Dithmenos


Message History

2054 ||| READING 2 scrolls labelled MIDGHUBOCEL.
As you read the scroll labelled MIDGHUBOCEL, it crumbles to dust.
It is a scroll of amnesia.
Really abort (and waste the scroll)?
Partly explored, can't reach some places.
2055 ||| READING scroll labelled JEUMEN QOFUOR.
As you read the scroll labelled JEUMEN QOFUOR, it crumbles to dust.
The air around you briefly surges with heat, but it dissipates.
It was a scroll of immolation.
Partly explored, can't reach some places.
2056 ||| DROPPING scroll of amnesia.
You drop a scroll of amnesia.
Partly explored, can't reach some places.
(D) Dungeon
Where to? (* - list waypoints, Enter - D:3, ? - help)
What level of the Dungeon? (default 1, ? - help)
You see here a +0 leather armour.
There is a stone staircase leading down here.
You climb downwards.
The orc shouts!
The orc wizard shouts!
The orc shouts!
The ogre shouts!
Found a barding and a scroll labelled SOEBUOQONO.
Found a stone staircase leading up.
There is a stone staircase leading up here.
There are monsters nearby!
Waypoint 3 assigned to D:4.
You shoot a sling bullet.
The sling bullet hits the orc but does no damage.
The orc hits you but does no damage.
You shoot a sling bullet. The sling bullet hits the ogre!
The ogre is moderately wounded.
The ogre hits you with a +0 giant club!!
Ouch! That really hurt!
You block the orc's attack. The scorpion barely misses you.
2068 ||| STAIRDANCE The orc barely misses you.
The orc hits you but does no damage.
The orc wizard mumbles some strange words.
The orc wizard flickers and vanishes!
Deactivating autopickup; reactivate with Ctrl-A.
The orc completely misses you. The scorpion stings you.
The ogre hits you with a +0 giant club!!
Ouch! That really hurt!
You die...

.......... .
##.#......
..#..#.....# #
...........#.##
#............#
##..........?.#
.....[.oo...#
......O@s...#
.#.....{o.....#
##.#..........
# ##....<....
##.......#
.....####
...... .......


You could see an ogre, a scorpion and 3 orcs.

Vanquished Creatures
  3 gnolls (D:2)
  2 adders (D:3)
  3 worms (D:2)
  2 dart slugs
  5 bats
  6 endoplasms
  3 giant cockroaches
  2 goblins
  3 hobgoblins
  4 jackals (D:3)
  3 quokkas (D:1)
  2 ball pythons
  5 frilled lizards
  4 kobolds
  3 rats (D:1)
50 creatures vanquished.

Notes
Turn   | Place    | Note
-------+----------+-------------------------------------------
     0 | D:1      | qw the Gargoyle Hexslinger began the quest for the Orb.
     0 | D:1      | Reached XP level 1. HP: 12/12 MP: 2/2
     0 | D:1      | 0 ||| qw: Version: 0.3-a-46-gb1f654a
     0 | D:1      | 0 ||| qw: Game counter: 2504
     0 | D:1      | 0 ||| qw: Melee chars always use a shield: true
     0 | D:1      | 0 ||| qw: God list: Okawaru
     0 | D:1      | 0 ||| qw: Allow faded altars: false
     0 | D:1      | 0 ||| qw: Do Orc after clearing Dungeon:15 true
     0 | D:1      | 0 ||| qw: Do second Lair branch before Depths: true
     0 | D:1      | 0 ||| qw: Lair rune preference: random
     0 | D:1      | 0 ||| qw: Goals: Normal
     0 | D:1      | 0 ||| PLANNING D:1-11
   133 | D:1      | Reached XP level 2. HP: 10/16 MP: 3/3
   317 | D:1      | Reached skill level 3 in Ranged Weapons
   578 | D:1      | Reached XP level 3. HP: 21/21 MP: 4/4
   638 | D:1      | Found a faded altar of an unknown god.
   676 | D:1      | 676 ||| UPGRADING to +0 leather armour.
   686 | D:1      | 686 ||| DROPPING +0 robe.
   687 | D:1      | 687 ||| READING scroll labelled MULOSA PUCEI.
   690 | D:1      | 690 ||| READING scroll labelled FUAXA SAAFERGH.
   691 | D:1      | 691 ||| READING 2 scrolls labelled DENOLI HUIDDO.
   692 | D:1      | 692 ||| READING scroll of enchant weapon.
   692 | D:1      | 692 ||| ENCHANTING +2 sling.
   693 | D:1      | 693 ||| DROPPING scroll of poison.
   830 | D:2      | HP: 5/21 [gnoll/+0 spear (1)]
   831 | D:2      | 831 ||| READING scroll of teleportation.
   834 | D:2      | Reached skill level 4 in Ranged Weapons
   834 | D:2      | Reached XP level 4. HP: 5/26 MP: 5/5
   990 | D:2      | Found a shadowy altar of Dithmenos.
  1233 | D:2      | 1233 ||| UPGRADING to amulet of reflection.
  1238 | D:2      | 1238 ||| READING scroll labelled XUGRUN YSEWURCH.
  1239 | D:2      | 1239 ||| READING scroll labelled ZATEMUN YSECEF.
  1240 | D:2      | 1240 ||| READING 2 scrolls of identify.
  1240 | D:2      | 1240 ||| IDENTIFYING purple potion
  1512 | D:3      | Found a snail-covered altar of Cheibriados.
  1577 | D:3      | 1577 ||| Stepping ~*~*~tactically~*~*~ (outnumbered).
  2054 | D:3      | 2054 ||| READING 2 scrolls labelled MIDGHUBOCEL.
  2055 | D:3      | 2055 ||| READING scroll labelled JEUMEN QOFUOR.
  2056 | D:3      | 2056 ||| DROPPING scroll of amnesia.
  2065 | D:4      | Noticed an ogre
  2065 | D:4      | Noticed a scorpion
  2067 | D:4      | HP: 6/26 [ogre/+0 giant club (20)]
  2068 | D:4      | 2068 ||| STAIRDANCE
  2068 | D:4      | Demolished by an ogre

Levels and vault maps discovered:
D:1:      nagdon_arrival_double_spiral, layout_loops_ring,
          shapermc_ecumenical_altar_mp_vishouse
D:2:      layout_rooms, basic_altar, nicolae_underground_beach
D:3:      layout_loops_corners, lemuel_tele_altar
D:4:      layout_cave_pools, nzn_overflow_gifts_of_might_and_magic,
          mainiacjoe_overflow_24_doors, gammafunk_ghost_mausoleum

Skill      XL: |  1  2  3 |
---------------+----------+-----
Ranged Weapons | 3 4 |  4.6
Fighting       | 2 |  2.0
Dodging        | |  1.5
Spellcasting   | |  1.0
Hexes          | |  2.6

Action                     |  1- 3 |  4- 6 || total
---------------------------+-------+-------++-------
   Fire: Sling             |   108 |    63 ||   171
    Use: Scroll            |     5 |     5 ||    10
 Armour: Robe              |    13 |       ||    13
         Leather armour    |     9 |    20 ||    29
  Dodge: Dodged            |    53 |    22 ||    75
  Block: Other             |       |     6 ||     6

Table legend:
 A = Non-vault XP
 B = Vault XP
 C = Vault XP percentage of total XP
 D = Non-vault monster count
 E = Vault monster count
 F = Vault count percentage of total count
                 A         B        C        D         E       F
            +---------+---------+-------+---------+---------+-------
      Total |     157 |       0 |   0.0 |      50 |       0 |   0.0
            +---------+---------+-------+---------+---------+-------
        D:1 |      35 |       0 |   0.0 |      21 |       0 |   0.0
        D:2 |      71 |       0 |   0.0 |      15 |       0 |   0.0
        D:3 |      51 |       0 |   0.0 |      14 |       0 |   0.0
            +---------+---------+-------+---------+---------+-------
